 Dungeon Crawl Stone Soup version 0.29.1-15-g9cfb28693d (webtiles) character file.

Game seed: 7046237438260030974

14171 Descartes the Blocker (level 12, -5/97 HPs)
             Began as a Formicid Fighter on Feb 24, 2023.
             Was an Initiate of Gozag.
             Slain by a white ugly thing (24 damage)
             ... on level 11 of the Dungeon.
             The game lasted 00:28:46 (16307 turns).

Descartes the Blocker (Formicid Fighter)           Turns: 16307, Time: 00:28:46

Health: -5/97      AC: 20    Str: 29    XL:     12   Next: 41%
Magic:  0/21       EV:  6    Int: 14    God:    Gozag
Gold:   610        SH: 15    Dex:  9    Spells: 11/11 levels left

rFire   . . .      SeeInvis +   a - +2 scimitar (flame)
rCold   . . .      Faith    .   l - +0 tower shield
rNeg    . . .      Spirit   +   V - +3 plate armour {rPois}
rPois   +          Reflect  .   (helmet unavailable)
rElec   .          Harm     .   J - +0 cloak
rCorr   .          Rampage  .   (no gloves)
Will    ++...                   m - +0 pair of boots
Stlth   ..........              e - amulet of guardian spirit
HPRegen 0.26/turn               h - ring "Vuogutis" {MP+9 Str+3 Int+6 Dex-4}
MPRegen 0.17/turn               t - ring of willpower

@: no status effects
A: permanent stasis, dig shafts and tunnels, antennae 3, four strong arms
a: Dig, Shaft Self, Renounce Religion, Potion Petition, Call Merchant, Bribe
Branch


You were on level 11 of the Dungeon.
You worshipped Gozag.
Gozag was pleased with you.
You visited 3 branches of the dungeon, and saw 14 of its levels.

You collected 1570 gold pieces.
You paid 960 gold pieces to Gozag.

Inventory:

Hand Weapons
 a - a +2 scimitar of flaming (weapon)
 I - a +3 quarterstaff of chaos
 N - a +0 whip of flaming
 Q - a -1 demon whip of venom
 R - a +0 dire flail
 X - a +4 halberd of venom
 Y - a +5 halberd of freezing
Missiles
 f - 17 poisoned darts
 u - 4 throwing nets
 z - 10 javelins
 L - 5 curare-tipped darts
 M - 13 boomerangs
Armour
 l - a +0 tower shield (worn)
 m - a +0 pair of boots (worn)
 J - a +0 cloak (worn)
 V - a +3 plate armour of poison resistance (worn)
Magical Staves
 r - a staff of death
 E - a staff of air
 W - a staff of poison
Jewellery
 e - an amulet of guardian spirit (around neck)
 h - the ring "Vuogutis" (left hand) {MP+9 Str+3 Int+6 Dex-4}
   (You found it on level 8 of the Dungeon)

   [ring of intelligence]

   Str:       It affects your strength (+3).
   Int:       It affects your intelligence (+6).
   Dex:       It affects your dexterity (-4).
   MP:        It affects your magic capacity (+9).
 t - a ring of willpower (right hand)
 F - a ring of willpower
Wands
 s - a wand of flame (67)
 G - a wand of acid (5)
Scrolls
 b - a scroll of noise {unknown}
 d - a scroll of amnesia {unknown}
 k - 3 scrolls of identify
 o - 2 scrolls of butterflies {unknown}
 q - 6 scrolls of enchant weapon
 v - 2 scrolls of magic mapping {unknown}
 w - 2 scrolls of poison
 x - a scroll of immolation {unknown}
 y - 3 scrolls of brand weapon
 A - 2 scrolls of fear
 C - 2 scrolls of torment
 H - a scroll of summoning {unknown}
 S - 2 scrolls of enchant armour
 T - a scroll of silence {unknown}
 U - a scroll of vulnerability {unknown}
Potions
 c - a potion of cancellation {unknown}
 g - a potion of flight {unknown}
 i - 4 potions of resistance
 j - 4 potions of attraction
 n - a potion of haste {unknown}
 p - 5 potions of magic
 B - 3 potions of lignification
 D - 5 potions of brilliance
 K - 3 potions of curing
 O - a potion of berserk rage {unknown}
 P - a potion of mutation {unknown}


   Skills:
 - Level 10.0 Fighting
 - Level 8.9(10.1) Axes
 - Level 7.7(10.0) Maces & Flails
 - Level 4.0(6.4) Staves
 + Level 10.5 Armour
 + Level 10.8 Shields
 + Level 2.7 Translocations


You had 11 spell levels left.
You didn't know any spells.
Your spell library contained the following spells:

 Spells                   Type           Power      Damage    Failure   Level
 Call Canine Familiar     Summ           0%         N/A       100%        3
 Gell's Gravitas          Tloc           7%         N/A       100%        3
 Inner Flame              Hex/Fire       0%         N/A       100%        3
 Lesser Beckoning         Tloc           7%         N/A       100%        3
 Portal Projectile        Hex/Tloc       6%         N/A       100%        3
 Teleport Other           Tloc           7%         N/A       100%        3
 Tukima's Dance           Hex            0%         N/A       100%        3
 Cause Fear               Hex            0%         N/A       100%        4
 Leda's Liquefaction      Hex/Erth       0%         N/A       100%        4
 Blade Hands              Tmut           0%         N/A       100%        5
 Iskenderun's Battlesphe  Conj           0%         2d6       100%        5
 Iron Shot                Conj/Erth      0%         9d1       100%        6
 Spellforged Servitor     Conj/Summ      0%         N/A       100%        7
 Discord                  Hex            0%         N/A       100%        8


Dungeon Overview and Level Annotations

Branches:
Dungeon (12/15)            Temple (1/1) D:6            Lair (1/5) D:9
    Orc (0/2) D:9

Altars:
Ashenzari
Cheibriados
Dithmenos
Elyvilon
Fedhas
Gozag
Hepliaklqana
Kikubaaqudgha
Makhleb
Nemelex Xobeh
Okawaru
Qazlal
Ru
Sif Muna
Trog
Uskayaw
Vehumet
Wu Jian
Xom
Yredelemnul
Zin
The Shining One

Shops:
D:4 *

Annotations:
D:10 2 transporters, Touch's ghost, journeyman DjCj


Innate Abilities, Weirdness & Mutations

You cannot be hasted, slowed, berserked, paralysed or teleported.
You can dig through walls and to a lower floor.
You have a pair of large antennae on your head. (SInv)
Your four strong arms can wield two-handed weapons with a shield.


Message History

You block the boulder beetle's attack.
You climb upwards.
There is a stone staircase leading down, spattered with blood here.
You barely miss the boulder beetle.
You block the white ugly thing's attack.
The boulder beetle bites you but does no damage.
You hit the boulder beetle. You burn the boulder beetle.
The boulder beetle is lightly wounded.
The white ugly thing kicks you. The white ugly thing freezes you!!
You block the boulder beetle's attack.
You block the white ugly thing's attack.
The boulder beetle bites you but does no damage.
You hit the boulder beetle but do no damage.
The boulder beetle is lightly wounded.
The white ugly thing kicks you! The white ugly thing freezes you!!
You block the boulder beetle's attack.
The white ugly thing kicks you but does no damage.
You are too injured to fight recklessly!
You are too injured to fight recklessly!
Unknown command.
Unknown command.
You slash the boulder beetle! You burn the boulder beetle.
The boulder beetle is lightly wounded.
The boulder beetle leaps!
The white ugly thing kicks you but does no damage.
You slash the white ugly thing! You burn the white ugly thing.
The white ugly thing is moderately wounded.
You block the white ugly thing's attack.
The white ugly thing kicks you but does no damage.
Unknown command.
You slash the white ugly thing! You burn the white ugly thing.
The white ugly thing is heavily wounded.
The white ugly thing kicks you. The white ugly thing freezes you!
* * * LOW HITPOINT WARNING * * *
Unknown command.
The white ugly thing kicks you.
* * * LOW HITPOINT WARNING * * *
The white ugly thing freezes you!!
You die...
Your body crumbles into a pile of gold.

#..# #........# #........ #..#
#........# #........ #..#
#..>.....# #........ #..#
#........# #........ #..#
#........# #........ #..#
#^.......# #........
###..########........####........
.................................
...............u@................
##........#####...........#######
#........# #...........#
#........# #B..........#
#.......)#####...........#
##.............)..........#
..........................#
..........#####..#######..#
##..####..# #..# #..#


You could see a boulder beetle and a white ugly thing.

Vanquished Creatures
  A hydra (D:11)
  A boulder beetle (D:11)
  A two-headed ogre (D:7)
  Erica (D:8)
  Amaemon (D:8)
  Pikel (D:5)
  A cyclops (D:11)
  A torpor snail (Lair:1)
  An orange demon (D:8)
  2 cane toads (Lair:1)
  A rime drake (Lair:1)
  A komodo dragon (Lair:1)
  A troll (D:11)
  Prince Ribbit (D:7)
  A hornet (D:11)
  Sigmund (D:5)
  10 yaks
  4 shadows
  2 steam dragons
  2 wyverns
  Grum (D:8)
  Menkaure (D:6)
  2 acid dragons
  Edmund (D:4)
  3 water moccasins
  A black bear (D:5)
  6 orc warriors
  2 sky beasts
  4 centaurs
  2 ogres
  2 wolves (D:8)
  3 phantoms
  A lemure (D:6)
  2 bullfrogs
  A kobold brigand (D:10)
  2 gnoll sergeants (D:7)
  A scorpion (D:7)
  A necrophage (D:5)
  14 wights
  5 killer bees (D:8)
  8 howler monkeys
  2 hounds (D:6)
  Crazy Yiuf (D:5)
  11 orc priests
  Jessica (D:2)
  7 iguanas
  11 orc wizards
  13 gnolls
  3 adders
  A river rat (D:8)
  A white imp (D:7)
  A worm (D:2)
  5 dart slugs
  40 orcs
  4 bats
  10 endoplasms
  5 giant cockroaches
  6 goblins
  7 hobgoblins
  4 jackals (D:2)
  4 quokkas
  4 ball pythons
  4 frilled lizards
  11 kobolds
  2 rats (D:1)
256 creatures vanquished.

Vanquished Creatures (others)
  3 fungi
  2 plants (Lair:1)
5 creatures vanquished.

Grand Total: 261 creatures vanquished

Notes
Turn   | Place    | Note
-------+----------+-------------------------------------------
     0 | D:1      | Descartes the Formicid Fighter began the quest for the Orb.
     0 | D:1      | Reached XP level 1. HP: 18/18 MP: 1/1
   177 | D:1      | Reached XP level 2. HP: 8/24 MP: 2/2
   522 | D:1      | Reached XP level 3. HP: 28/29 MP: 3/3
  1856 | D:2      | Reached XP level 4. HP: 25/37 MP: 4/4
  2133 | D:2      | Found a shadowy altar of Dithmenos.
  2190 | D:2      | Reached XP level 5. HP: 17/42 MP: 5/5
  2560 | D:2      | Reached skill level 5 in Shields
  2680 | D:2      | Noticed Jessica
  2688 | D:2      | Killed Jessica
  2883 | D:3      | Noticed a sky beast
  3065 | D:3      | Found an iron altar of Okawaru.
  3221 | D:3      | Killed a sky beast
  3222 | D:3      | Reached XP level 6. HP: 24/49 MP: 6/6
  3697 | D:4      | Found Iluabawn's Assorted Antiques.
  4043 | D:4      | Noticed a steam dragon
  4063 | D:4      | Killed a steam dragon
  4064 | D:4      | Reached skill level 5 in Fighting
  4064 | D:4      | Reached skill level 5 in Armour
  4064 | D:4      | Reached XP level 7. HP: 11/56 MP: 7/7
  4385 | D:4      | Found a hide-covered altar of Uskayaw.
  4466 | D:4      | Noticed Edmund
  4485 | D:4      | Killed Edmund
  4941 | D:5      | Entered Level 5 of the Dungeon
  5030 | D:5      | Reached XP level 8. HP: 33/63 MP: 8/8
  5269 | D:5      | Found a shimmering blue altar of Sif Muna.
  5348 | D:5      | Noticed Sigmund
  5392 | D:5      | Killed Sigmund
  5587 | D:5      | Reached skill level 5 in Axes
  5900 | D:5      | Reached skill level 1 in Maces & Flails
  6077 | D:5      | Found a runed translucent door.
  6078 | D:5      | Noticed Crazy Yiuf
  6089 | D:5      | Killed Crazy Yiuf
  6351 | D:6      | Reached XP level 9. HP: 60/71 MP: 9/9
  6532 | D:6      | Reached skill level 1 in Staves
  6536 | D:6      | Noticed Menkaure
  6545 | D:6      | Killed Menkaure
  6744 | D:6      | Found a staircase to the Ecumenical Temple.
  6788 | D:6      | Found an ancient bone altar of Kikubaaqudgha.
  6915 | D:6      | Noticed Pikel
  6943 | D:5      | Killed Pikel
  7459 | D:6      | You fall into a shaft and drop 2 floors!
  8025 | D:7      | Reached XP level 10. HP: 63/74 MP: 10/10
  8299 | Temple   | Entered the Ecumenical Temple
  8308 | Temple   | Became a worshipper of Gozag Ym Sagoz the Greedy
  9108 | D:8      | Noticed an orange demon
  9109 | D:8      | Noticed Amaemon
  9658 | D:8      | Noticed Prince Ribbit
  9663 | D:8      | Noticed a two-headed ogre
  9914 | D:7      | Killed a two-headed ogre
 10169 | D:7      | Killed Prince Ribbit
 10361 | D:8      | Found a snail-covered altar of Cheibriados.
 10455 | D:8      | Killed Amaemon
 10456 | D:8      | Reached skill level 10 in Shields
 10761 | D:8      | Noticed Erica
 10771 | D:8      | Killed Erica
 10772 | D:8      | Reached skill level 5 in Maces & Flails
 10772 | D:8      | Reached XP level 11. HP: 55/87 MP: 11/11
 11543 | D:8      | Noticed Grum
 11548 | D:8      | Killed Grum
 11558 | D:8      | Identified the ring "Vuogutis" {MP+9 Str+3 Int+6 Dex-4}
 13051 | D:9      | Found a staircase to the Lair.
 13226 | D:9      | Found a staircase to the Orcish Mines.
 13672 | D:10     | Entered Level 10 of the Dungeon
 13679 | D:10     | Found a transporter.
 13685 | D:10     | Found a transporter.
 13690 | D:10     | Noticed Touch's ghost (journeyman DjCj)
 14370 | Lair:1   | Entered Level 1 of the Lair of Beasts
 14673 | Lair:1   | Noticed a death yak
 14680 | Lair:1   | Reached skill level 10 in Armour
 14680 | Lair:1   | Reached XP level 12. HP: 97/97 MP: 12/12
 14811 | D:10     | Reached skill level 10 in Fighting
 15476 | D:11     | Reached skill level 1 in Translocations
 15673 | D:11     | Noticed a boulder beetle
 15688 | D:11     | Killed a boulder beetle
 16003 | D:12     | Noticed a five-headed hydra
 16006 | D:12     | Noticed a boulder beetle
 16037 | D:11     | Killed a one-headed hydra
 16307 | D:11     | Slain by a white ugly thing

Illustrated notes

Levels and vault maps discovered:
D:1:      kennysheep_arrival_seaside, layout_rooms, serial_park_tiny_2,
          minmay_split_cup_large
D:2:      layout_loops_corners, basic_altar, minivault_19, uniq_jessica
D:3:      layout_loops_ring, okawaru_gym_becter, serial_park_tiny_1,
          minmay_misc_feat_more_columns
D:4:      layout_loops_ring, mainiacjoe_overflow_paths, nicolae_take_the_stairs,
          uniq_edmund
D:5:      layout_rooms, mainiacjoe_overflow_surrounded_room,
          minmay_statues_item, uniq_crazy_yiuf_cottage, uniq_sigmund
D:6:      layout_loops_cross, nicolae_kikubaaqudgha_miasma_corner,
          minmay_temple_entry_from_below_b, uniq_pikel, uniq_menkaure
D:7:      layout_gridville
D:8:      cheibrodos_helix_gallery, layout_loops_ring,
          lemuel_coloured_pillars_altar, uniq_grum, uniq_erica,
          uniq_prince_ribbit1, uniq_amaemon
D:9:      layout_basic, lair_entry_dummy, orc_0_dummy
D:10:     layout_rooms, gammafunk_ghost_stat_death, feat_on_display
D:11:     layout_small_grid
D:12:     layout_basic
Temple:   sentei_temple_godly_chess
Lair:1:   layout_big_grid, uniq_joseph

Skill      XL: |  1  2  3  4  5  6  7  8  9 10 11 12 |
---------------+-------------------------------------+-----
Fighting       | 4 5 6 7 8 9 10 | 10.0
Armour         | 4 5 6 7 8 10 | 10.5
Shields        | 5 6 7 8 10 | 10.8
Axes           | 3 4 5 6 7 8 |  8.9
Maces & Flails | 1 3 5 7 |  7.7
Staves         | 3 4 |  4.0
Translocations | 2 |  2.7

Action                   |  1- 3 |  4- 6 |  7- 9 | 10-12 || total
-------------------------+-------+-------+-------+-------++-------
Melee: War axe           |   110 |   125 |    78 |       ||   313
       Whip              |       |       |    44 |       ||    44
       Quarterstaff      |       |       |   154 |    96 ||   250
       Halberd           |       |       |       |   422 ||   422
       Scimitar          |       |       |       |    17 ||    17
Invok: Potion Petition   |       |       |       |     3 ||     3
 Abil: Dig               |       |     1 |     3 |       ||     4
  Use: Potion            |     1 |     2 |     3 |     5 ||    11
       Scroll            |       |       |     6 |    11 ||    17
 Stab: Paralysed         |       |       |     1 |     2 ||     3
       Distracted        |       |       |       |     3 ||     3
Armor: Scale mail        |    49 |    58 |    23 |       ||   130
       Plate armour      |       |       |   105 |   407 ||   512
Dodge: Dodged            |    44 |    54 |    80 |   163 ||   341
Block: Buckler           |    26 |    42 |    78 |    64 ||   210
       Tower shield      |       |       |       |   408 ||   408
